 Dungeon Crawl Stone Soup version 0.32-a0-886-g41c5271027 (webtiles) character file.

Game seed: 833527003908608494

660 Chadd the Shooter (level 7, -3/55 HPs)
             Began as a Coglin Hunter on Apr 3, 2024.
             Shot with a bolt by an orc warrior (11 damage)
             ... on level 6 of the Dungeon.
             The game lasted 00:09:44 (4234 turns).

Chadd the Shooter (Coglin Hunter)                   Turns: 4234, Time: 00:09:44

Health: -3/55      AC:  8    Str: 11    XL:     7   Next: 56%
Magic:  7/7        EV: 12    Int:  8    God:
Gold:   302        SH:  0    Dex: 18    Spells: 6/6 levels left

rFire   . . .        a - +2 sling {Xiloxoch}
rCold   . . .        d - +0 sling {Agam}
rNeg    . . .        c - +0 leather armour
rPois   +            t - +0 helmet
rElec   .            (no cloak)
rCorr   .            m - +0 pair of gloves
SInv    .            j - +0 pair of boots
Will    .....        (amulet unavailable)
Stlth   +            (ring unavailable)
HPRegen 0.29/turn    (ring unavailable)
MPRegen 0.10/turn    (no gizmo)

%: no passive effects
@: confused, revving
A: off-hand wielding, slow wielding, warmup strikes, no jewellery, iridescent
scales 1, clumsy 1, poison resistance, wild magic 1
a: Invent Gizmo


You were on level 6 of the Dungeon.
You visited 1 branch of the dungeon, and saw 6 of its levels.

You collected 302 gold pieces.

Inventory:

Hand Weapons
 a - a +2 sling (weapon) {Xiloxoch}
 d - a +0 sling (offhand) {Agam}
Armour
 c - a +0 leather armour (worn)
 j - a +0 pair of boots (worn)
 m - a +0 pair of gloves (worn)
 t - a +0 helmet (worn)
Scrolls
 b - a scroll of torment {unknown}
 g - a scroll of amnesia {unknown}
 h - 2 scrolls of identify
 k - a scroll of summoning {unknown}
 l - a scroll of poison
 o - a scroll of enchant armour {unknown}
 q - a scroll of silence {unknown}
 r - a scroll of immolation {unknown}
 s - 2 scrolls of vulnerability {unknown}
Potions
 f - a potion of might {unknown}
 i - a potion of mutation
 n - a potion of resistance {unknown}
 p - a potion of invisibility {unknown}
 u - a potion of heal wounds {unknown}


   Skills:
 + Level 4.4 Fighting
 + Level 5.1 Ranged Weapons
 + Level 4.0 Dodging
 + Level 3.5 Stealth


You had 6 spell levels left.
You didn't know any spells.
Your spell library contained the following spells:

 Spells                   Type           Power      Damage    Failure   Level
 Magic Dart               Conj           0%         1d3       58%         1
 Ensorcelled Hibernation  Hex/Ice        0%         N/A       73%         2
 Jinxbite                 Hex            0%         N/A       73%         2
 Searing Ray              Conj           0%         2d4       73%         2
 Sublimation of Blood     Necr           0%         N/A       73%         2
 Fugue of the Fallen      Necr           0%         N/A       90%         3
 Anguish                  Hex/Necr       0%         N/A       100%        4
 Fulminant Prism          Conj/Alch      0%         3d5       100%        4
 Borgnjor's Vile Clutch   Necr/Erth      0%         N/A       100%        5
 Yara's Violent Unravell  Hex/Alch       0%         3d3       100%        5
 Enfeeble                 Hex            0%         N/A       100%        7
 Infestation              Necr           0%         N/A       100%        8


Dungeon Overview and Level Annotations

Branches:
Dungeon (6/15)
 Temple: D:4-7

Altars:
Ashenzari
Makhleb

Shops:
D:2 :

Annotations:
D:5 Edmund, Grinder, Pikel


Innate Abilities, Weirdness & Mutations

You can wield a second weapon in your off-hand.
It takes a long time for you to wield or remove held weapons.
Your first few attacks do less damage.
You cannot equip rings or amulets.
You are partially covered in iridescent scales. (AC +2)
You are clumsy. (Dex -2)
Your system is resistant to poisons. (rPois)
Your spells are a little harder to cast, but a little more powerful.


Message History

You shoot a sling bullet.
The sling bullet closely misses the orc warrior.
You shoot a sling bullet. The sling bullet hits the orc warrior.
The orc warrior is lightly wounded.
The ufetubus slips past you!
The ufetubus hits you but does no damage. x2
The ufetubus is poisoned.
The ufetubus hits you but does no damage.
The ufetubus barely misses you.
The orc warrior shoots a bolt.
The bolt barely misses you.
Unknown command.
Fire: a) +2 sling {Xiloxoch}
Press: ? - help, Q - select action Shift-Dir - straight line, f/p - orc warrior
Aim: an orc warrior, wielding a +0 arbalest and wearing a +0 chain mail (lightly wounded, 62% to hit)
You shoot a sling bullet.
The sling bullet barely misses the orc warrior.
You shoot a sling bullet. The sling bullet hits the orc warrior.
The orc warrior is lightly wounded.
The ufetubus is engulfed in poison gas.
The ufetubus looks even sicker.
The ufetubus hits you but does no damage. x2
The orc wizard barely misses you.
The orc warrior shoots a bolt.
The bolt hits you!
* * * LOW HITPOINT WARNING * * *
The ufetubus is engulfed in poison gas.
The ufetubus looks even sicker.
The ufetubus hits you but does no damage. x2
The orc wizard casts a spell at you.
You are confused.
Non-targeted confused fire: a) +2 sling {Xiloxoch}
Press: ? - help, Q - select action Dir - look around, f - activate Look: an orc wizard, wielding a +0 dagger and wearing a +0 robe You shoot a sling bullet. x2
The ufetubus is engulfed in poison gas.
The ufetubus looks as sick as possible!
You kill the ufetubus!
The orc warrior shoots a bolt.
The bolt hits you.
* * * LOW HITPOINT WARNING * * *
The orc wizard closely misses you.
The orc warrior shoots a bolt.
The bolt closely misses you.
The orc wizard hits you but does no damage.
You bump into the rock wall.
The orc warrior shoots a bolt.
The bolt hits you!
You die...

........)...#
........o...#
.§§§§☼§○)...#
.§○☼○○○§....##..
.☼§☼§§§........#
.°§§§☼§o..#
.°°§§☼°○.##
...☼☼☼○§##
##...#.o@# ###
##§.#
#.§☼§§☼.B.#
#☼§§§§☼§..#
#☼○§°°☼○☼.#
###########


You could see an orc warrior and an orc wizard.

Vanquished Creatures
  2 ogres
  A lemure (D:4)
  2 scorpions
  A howler monkey (D:5)
  2 hounds
  An orc priest (D:6)
  A sleepcap (D:4)
  An iguana (D:5)
  An orc wizard (D:3)
  4 gnolls (D:5)
  2 adders
  2 ufetubi (D:6)
  A ribbon worm (D:3)
  2 dart slugs (D:4)
  7 orcs
  9 endoplasms
  4 giant cockroaches
  2 goblins
  7 hobgoblins
  10 kobolds
  3 quokkas
  10 ball pythons
  6 bats
  6 frilled lizards
  7 rats
94 creatures vanquished.

Notes
Turn   | Place    | Note
-------+----------+-------------------------------------------
     0 | D:1      | Chadd the Coglin Hunter began the quest for the Orb.
     0 | D:1      | Reached XP level 1. HP: 16/16 MP: 1/1
    62 | D:1      | Reached skill level 1 in Stealth
    66 | D:1      | Reached XP level 2. HP: 20/22 MP: 2/2
   304 | D:1      | Reached XP level 3. HP: 28/28 MP: 3/3
   782 | D:2      | Got the Vademecum on Abhorrent Liturgies
  1174 | D:2      | Found Tikarpho's Book Shoppe.
  1369 | D:3      | Identified the +2 whip "Lahil" {drain, rElec Int+2}
  1374 | D:3      | Reached skill level 4 in Ranged Weapons
  1460 | D:3      | Found a broken altar of Ashenzari.
  1460 | D:3      | Found a burning altar of Makhleb.
  1611 | D:3      | Reached XP level 4. HP: 34/34 MP: 4/4
  2285 | D:4      | Noticed an ogre
  2449 | D:4      | Killed an ogre
  2450 | D:4      | Reached XP level 5. HP: 23/41 MP: 5/5
  2552 | D:4      | Reached XP level 6. HP: 47/47 MP: 6/6
  3009 | D:5      | Entered Level 5 of the Dungeon
  3025 | D:5      | Noticed Grinder
  3260 | D:5      | Noticed Pikel
  3415 | D:5      | Identified the +4 dagger of Valiance {flame, Dex+2}
  3787 | D:5      | Reached XP level 7. HP: 46/54 MP: 7/7
  3850 | D:5      | Reached skill level 5 in Ranged Weapons
  4054 | D:5      | Noticed Edmund
  4056 | D:5      | Gained mutation: Your spells are a little harder to cast,
                  | but a little more powerful. [potion of mutation]
  4056 | D:5      | Gained mutation: Your system is resistant to poisons.
                  | (rPois) [potion of mutation]
  4056 | D:5      | Gained mutation: You are clumsy. (Dex -2) [potion of
                  | mutation]
  4056 | D:5      | Gained mutation: You are partially covered in iridescent
                  | scales. (AC +2) [potion of mutation]
  4234 | D:6      | Shot with a bolt by an orc warrior

Illustrated notes

Levels and vault maps discovered:
D:1:      spicycebolla_arrival_ecumenical, layout_rooms, hex_medium,
          minmay_indecisive_spiral
D:2:      wad_crossroads, layout_loops_ring, serial_shops, shop,
          chequers_serial_rivers_micro_b, kennysheep_generic_room_4
D:3:      layout_loops_corners, jmf_multi_god_temple
D:4:      layout_rooms, kennysheep_decorative_pillar, chequers_decorated_corner,
          patterned_corridor
D:5:      layout_basic, nicolae_hepliaklqana_monster_ancestors,
          minmay_temple_entry_wispy, grunt_tough_drop, uniq_edmund,
          uniq_grinder, uniq_pikel
D:6:      layout_rooms, minmay_misc_feat_nine_boxes

Skill      XL: |  1  2  3  4  5  6  7 |
---------------+----------------------+-----
Stealth        | 1 2 3 |  3.5
Dodging        | 2 3 4 |  4.0
Ranged Weapons | 4 5 |  5.1
Fighting       | 3 4 |  4.4

Action                     |  1- 3 |  4- 6 |  7- 9 || total
---------------------------+-------+-------+-------++-------
   Fire: Sling             |   178 |   222 |   116 ||   516
    Use: Scroll            |       |     1 |     5 ||     6
         Potion            |       |       |     1 ||     1
 Armour: Leather armour    |    17 |    36 |    46 ||    99
  Dodge: Dodged            |    15 |    40 |    41 ||    96

Table legend: (Time is in decaauts)
 A = Elapsed time spent in this place.
 B = Non-inter-level travel time spent in this place.
 C = Inter-level travel time spent in this place.
 D = Time resting spent in this place.
 E = Time spent auto-exploring this place.
 F = Levels seen in this place.
 G = Mean time per level.
                   A        B        C        D        E       F      G
               +--------+--------+--------+--------+--------+-----+--------+
         Total |   4295 |   3818 |    477 |    837 |   2324 |   6 |  715.8 |
       Dungeon |   4295 |   3818 |    477 |    837 |   2324 |   6 |  715.8 |
               +--------+--------+--------+--------+--------+-----+--------+

Top non-repeatable levels by time:
     D:4: 1301 daAuts
     D:3: 1172 daAuts
     D:2: 769 daAuts
     D:5: 522 daAuts
     D:1: 443 daAuts
     D:6: 86 daAuts
